 Dungeon Crawl Stone Soup version 0.32-a0-39-g5c88369fb2 (webtiles) character file.

11877 Arvy the Fighter (level 11, -1/90 HPs)
             Began as a Demonspawn Hunter on June 20, 2018.
             Was a Priest of Makhleb.
             Killed from afar by a gargoyle (15 damage)
             ... with a stone arrow
             ... on level 12 of the Dungeon on Feb 5, 2024.
             The game lasted 00:59:30 (9759 turns).

Arvy the Fighter (Demonspawn Hunter)                Turns: 9759, Time: 00:59:31

Health: -1/90      AC: 14    Str: 15    XL:     11   Next: 55%
Magic:  17/17      EV:  6    Int: 18    God:    Makhleb [***...]
Gold:   544        SH:  6    Dex: 18    Spells: 10/10 levels left

rFire   . . .        b - +3 flail (drain)
rCold   . . .        (no shield)
rNeg    . . .        A - +0 plate armour
rPois   .            (no helmet)
rElec   .            t - +0 cloak
rCorr   .            (no gloves)
SInv    .            (no boots)
Will    .....        (no amulet) Stlth
                     v - +5 ring of dexterity
HPRegen 0.35/turn    B - +4 ring of intelligence
MPRegen 0.15/turn

%: no passive effects
@: no status effects
A: talons 2, large bone plates 2, demonic guardian 2, spiny 2
a: Renounce Religion, Minor Destruction, Lesser Servant of Makhleb


You were on level 12 of the Dungeon.
You worshipped Makhleb.
Makhleb was most pleased with you.
You visited 3 branches of the dungeon, and saw 14 of its levels.
You also visited: Ossuary.

You collected 817 gold pieces.
You spent 273 gold pieces at shops.

Inventory:

Hand Weapons
 a - a +1 sling
 b - a +3 flail of draining (weapon)
 n - a +2 dagger of distortion
 G - a +4 dagger
 M - a +0 hand axe of flaming
 N - a +2 dagger of venom
 Q - a +1 vampiric spear
Missiles
 d - 16 sling bullets
 g - 243 stones
 I - 2 boomerangs
 S - 4 curare-tipped darts (quivered)
Armour
 c - a +0 leather armour
 e - a +0 ring mail
 p - a +0 chain mail
 t - a +0 cloak (worn)
 u - +0 acid dragon scales
 A - a +0 plate armour (worn)
 H - a scarf of cloud immunity
 U - a +2 scale mail of poison resistance
Jewellery
 v - a +5 ring of dexterity (left hand)
 B - a +4 ring of intelligence (right hand)
 O - a ring of wizardry
Wands
 k - a wand of iceblast (7)
 s - a wand of acid (6)
 D - a wand of flame (10)
 R - a wand of polymorph (2)
 V - a wand of mindburst (4)
Scrolls
 i - 2 scrolls of silence
 l - 8 scrolls of teleportation
 q - 3 scrolls of removedness
 w - a scroll of removedness
 y - a scroll of fog
 z - 4 scrolls of amnesia
 E - 2 scrolls of fear
 K - a scroll of enchant armour
Potions
 h - 8 potions of curing
 j - 4 potions of degeneration
 m - 3 potions of resistance
 o - 2 potions of might
 r - 2 potions of heal wounds
 x - 2 potions of enlightenment
 C - a potion of berserk rage
 F - 2 potions of mutation
 J - 2 potions of magic
 T - a potion of brilliance
Comestibles
 f - 13 removed foods
 L - 2 removed foods


   Skills:
 + Level 10.0 Fighting
 + Level 8.6 Maces & Flails
 - Level 4.9 Ranged Weapons
 + Level 7.7 Armour
 + Level 4.0 Dodging
 - Level 1.0 Stealth
 + Level 8.8 Invocations
 + Level 3.4 Evocations


You had 10 spell levels left.
You didn't know any spells.
Your spell library contained the following spells:

 Spells                   Type           Power      Damage    Failure   Level
 Magic Dart               Conj           0%         1d3       100%        1
 Searing Ray              Conj           0%         2d4       100%        2
 Dazzling Flash           Conj/Hex       0%         N/A       100%        3
 Fulminant Prism          Conj/Alch      0%         3d5       100%        4
 Iskenderun's Mystic Bla  Conj/Tloc      0%         2d3       100%        4


Dungeon Overview and Level Annotations

Branches:
Dungeon (12/15)            Temple (1/1) D:4            Lair (0/6) D:11
    Orc (1/2) D:10

Altars:
Ashenzari
Cheibriados
Dithmenos
Fedhas
Gozag
Hepliaklqana
Kikubaaqudgha
Makhleb
Nemelex Xobeh
Okawaru
Qazlal
Ru
Sif Muna
Trog
Uskayaw
Vehumet
Wu Jian
Xom
Yredelemnul

Shops:
D:4 x   D:5 (   D:12 *

Annotations:
D:4 exclusions: orc and 2 more exclusions
D:7 2 transporters, Umeicarch's ghost, novice MiFi
D:11 3 runed translucent doors, Setojum's ghost, journeyman MiMo
D:12 exclusion: door


Innate Abilities, Weirdness & Mutations

You have razor-sharp toenails.
You are mostly covered in large bone plates. (SH +6)
A demonic guardian rushes to your aid.
You are mostly covered in sharp spines.


Message History

Press: ? - help, Shift-Dir - straight line, f - gargoyle
Aim: a gargoyle, wielding a +0 morningstar The zap hits the gargoyle.
The gargoyle completely resists.
Aiming: Minor Destruction (0% risk of failure)
Press: ? - help, Shift-Dir - straight line, f/p - gargoyle
Aim: a gargoyle, wielding a +0 morningstar The zap hits the gargoyle but does no damage.
Unknown command.
You completely miss the gargoyle. Your kick misses the gargoyle.
The gargoyle is struck by your spines.
The gargoyle hits you with a +0 morningstar!!
You sock the gargoyle!
The gargoyle is heavily damaged.
The gargoyle closely misses you.
You hit the gargoyle but do no damage.
The gargoyle is heavily damaged.
The gargoyle hits you but does no damage.
You hit the gargoyle.
You claw the gargoyle, but do no damage.
The gargoyle is severely damaged.
The gargoyle hurls a stone arrow at you.
The stone arrow hits you!
A demonic guardian appears!
You barely miss the gargoyle.
You claw the gargoyle, but do no damage.
The gargoyle is severely damaged.
The gargoyle hurls a stone arrow at you.
The stone arrow hits you!
You hit the gargoyle but do no damage.
You claw the gargoyle, but do no damage.
The gargoyle is severely damaged.
The gargoyle hurls a stone arrow at you.
The stone arrow hits you!
* * * LOW HITPOINT WARNING * * *
Your soul eater hits the gargoyle.
You barely miss the gargoyle. Your kick misses the gargoyle.
The gargoyle is severely damaged.
Your soul eater hits the gargoyle but does no damage.
The gargoyle hurls a stone arrow at you.
The stone arrow hits you!
You die...

#+# #.# ####### #.#
#...... ##.###....## #
##...##....## #.
####............ ##.#
#............###
#...####.####.#.....#..
#..39.@..# #.###.....≈
#...###### #.# #....≈≈
#### #.# ##...≈≈ #.#
###.≈≈ #.# #..≈ #.#
##.. ### #.# ###
##.###########.#
#...........##.#


You could see a gargoyle (ally target) and a friendly soul eater (summoned).

Vanquished Creatures
  4 two-headed ogres
  An orc sorcerer (Orc:1)
  A cyclops (D:12)
  A rime drake (D:11)
  A troll (D:12)
  A polar bear (D:11)
  A vampire (D:10)
  2 wraiths (D:11)
  5 yaks
  A human (D:8)
  4 vampire mosquitoes (D:12)
  Menkaure (D:6)
  2 acid dragons
  A black bear (D:7)
  3 orc warriors
  2 sky beasts
  4 ice beasts
  2 phantoms
  4 ogres
  3 wolves
  9 centaurs
  A bullfrog (D:8)
  A water moccasin skeleton (D:6)
  A crimson imp (D:5)
  5 howler monkeys
  A quasit (D:6)
  2 orc priests
  3 bullfrog skeletons
  A gnoll bouda (D:5)
  7 orc wizards
  3 iguanas
  7 removed worker ants
  A kobold brigand zombie (Ossuary)
  3 hound zombies
  9 mummies
  6 gnolls
  9 adders
  2 endoplasms
  4 adder skeletons
  3 ribbon worms (D:2)
  3 dart slugs (D:2)
  47 orcs
  3 removed leopard geckos
  6 bats
  A bat zombie (D:2)
  A giant cockroach (D:2)
  5 goblins
  7 hobgoblins
  A jackal (D:4)
  3 quokkas
  3 ball pythons
  3 frilled lizards
  A giant cockroach zombie (D:5)
  2 gnoll zombies (Ossuary)
  2 hobgoblin zombies (Ossuary)
  A jackal skeleton (D:5)
  6 kobolds (D:1)
  A kobold zombie (Ossuary)
  2 orc zombies (Ossuary)
  2 quokka skeletons
  7 rats
  A removed leopard gecko skeleton (D:6)
  A removed leopard gecko zombie (D:2)
231 creatures vanquished.

Vanquished Creatures (collateral kills)
  A two-headed ogre (D:8)
  A boulder beetle (D:11)
  Sonja (D:11)
  Pikel (D:4)
  A yak (D:10)
  A black bear (D:7)
  2 orc warriors
  A centaur (D:11)
  A centaur skeleton (D:8)
  An orc wizard (Orc:1)
  2 orcs (Orc:1)
13 creatures vanquished.

Vanquished Creatures (others)
  A removed slave (D:4)
  A scorpion (D:4)
  An orc wizard (D:8)
  A removed worker ant (D:4)
4 creatures vanquished.

Grand Total: 248 creatures vanquished

Notes
Turn   | Place    | Note
-------+----------+-------------------------------------------
     0 | D:1      | Arvy the Demonspawn Hunter began the quest for the Orb.
     0 | D:1      | Reached XP level 1. HP: 16/16 MP: 1/1
    97 | D:1      | Reached skill level 1 in Stealth
   427 | D:1      | Gained mutation: You are partially covered in sharp spines.
                  | [demonic ancestry]
   427 | D:1      | Reached XP level 2. HP: 22/22 MP: 2/2
   917 | D:2      | Found a faded altar of an unknown god.
  1027 | D:2      | Reached XP level 3. HP: 28/28 MP: 3/3
  1152 | D:2      | Found a hide-covered altar of Uskayaw.
  1243 | D:2      | Reached skill level 3 in Fighting
  1250 | D:2      | Reached skill level 1 in Maces & Flails
  1560 | D:2      | Gained mutation: You are partially covered in large bone
                  | plates. (SH +4) [demonic ancestry]
  1560 | D:2      | Reached XP level 4. HP: 35/35 MP: 4/4
  2322 | D:3      | Reached skill level 4 in Fighting
  2322 | D:3      | Gained mutation: You are mostly covered in sharp spines.
                  | [demonic ancestry]
  2322 | D:3      | Reached XP level 5. HP: 42/42 MP: 5/5
  2743 | D:4      | Found a shimmering altar of Xom.
  2745 | D:4      | Noticed a phantom
  2808 | D:4      | Found Xumaffuo's Food Shop.
  2921 | D:4      | Found a staircase to the Ecumenical Temple.
  3127 | D:4      | Killed a phantom
  3127 | D:4      | Gained mutation: A weak demonic guardian rushes to your
                  | aid. [demonic ancestry]
  3127 | D:4      | Reached XP level 6. HP: 33/50 MP: 6/6
  3247 | D:4      | Noticed Pikel
  3247 | D:4      | Noticed a slave
  3247 | D:4      | Noticed a slave
  3247 | D:4      | Noticed a slave
  3247 | D:4      | Noticed a slave
  3261 | D:4      | Killed Pikel
  3261 | D:4      | Reached skill level 5 in Fighting
  3261 | D:4      | Gained mutation: You are mostly covered in large bone
                  | plates. (SH +6) [demonic ancestry]
  3261 | D:4      | Reached XP level 7. HP: 47/57 MP: 7/7
  3420 | D:5      | Entered Level 5 of the Dungeon
  3544 | D:5      | Reached skill level 6 in Fighting
  3709 | D:5      | Gained mutation: A demonic guardian rushes to your aid.
                  | [demonic ancestry]
  3709 | D:5      | Reached XP level 8. HP: 63/64 MP: 8/8
  3742 | D:5      | Reached skill level 5 in Maces & Flails
  3982 | Temple   | Entered the Ecumenical Temple
  3999 | Temple   | Became a worshipper of Makhleb the Destroyer
  4274 | D:5      | Found Rothruism's Weapon Boutique.
  4438 | D:6      | Reached skill level 7 in Fighting
  4754 | D:6      | Reached skill level 1 in Invocations
  4915 | D:6      | Noticed Menkaure
  4921 | D:6      | Killed Menkaure
  4949 | D:6      | Gained mutation: You have sharp toenails. [demonic
                  | ancestry]
  4949 | D:6      | Reached XP level 9. HP: 53/72 MP: 10/10
  5092 | D:6      | Reached skill level 5 in Armour
  5138 | D:6      | Reached * piety under Makhleb
  5537 | D:7      | Found a transporter.
  5561 | D:7      | Found a transporter.
  5561 | D:7      | Noticed Umeicarch's ghost (novice MiFi)
  5580 | D:7      | Noticed a tengu warrior
  5619 | D:7      | Found a glowing silver altar of Zin.
  5624 | D:7      | Noticed an angel
  5626 | D:7      | Found a shimmering altar of Xom.
  5659 | D:7      | Found a bloodstained altar of Trog.
  6192 | D:8      | Reached skill level 8 in Fighting
  6227 | D:8      | Noticed a two-headed ogre
  6232 | D:8      | Killed a two-headed ogre
  6232 | D:8      | Reached skill level 5 in Invocations
  6279 | D:8      | Found a glowing golden altar of the Shining One.
  6354 | D:8      | Found a sand-covered staircase.
  6370 | Ossuary  | Entered an ossuary
  6380 | Ossuary  | Reached ** piety under Makhleb
  6675 | D:8      | Noticed a two-headed ogre
  6684 | D:8      | Killed a two-headed ogre
  6684 | D:8      | Gained mutation: You have razor-sharp toenails. [demonic
                  | ancestry]
  6684 | D:8      | Reached XP level 10. HP: 82/82 MP: 14/14
  6800 | D:8      | Found an ornate altar of the Wu Jian Council.
  6800 | D:8      | Found an opulent altar of Gozag.
  6965 | D:8      | Upgraded the game from 0.22-a0-521-gb1378044ac to
                  | 0.32-a0-39-g5c88369fb2
  7050 | D:9      | Noticed a two-headed ogre
  7060 | D:9      | Killed a two-headed ogre
  7180 | D:10     | Entered Level 10 of the Dungeon
  7234 | D:10     | Found a staircase to the Orcish Mines.
  7253 | Orc:1    | Entered Level 1 of the Orcish Mines
  7258 | Orc:1    | Noticed an orc sorcerer
  7265 | Orc:1    | Killed an orc sorcerer
  7266 | Orc:1    | Reached skill level 9 in Fighting
  7270 | Orc:1    | Noticed a kobold blastminer
  8263 | D:11     | Noticed Sonja
  8321 | D:11     | Noticed a boulder beetle
  8327 | D:11     | Killed a boulder beetle
  8328 | D:11     | Reached skill level 1 in Evocations
  8333 | D:11     | Reached *** piety under Makhleb
  8368 | D:11     | Noticed a two-headed ogre
  8578 | D:11     | Reached XP level 11. HP: 87/89 MP: 16/16
  8597 | D:11     | Killed a two-headed ogre
  8844 | D:11     | Found a staircase to the Lair.
  8974 | D:11     | Killed Sonja
  9190 | D:11     | Found a runed translucent gate.
  9190 | D:11     | Found a runed translucent gate.
  9190 | D:11     | Found an opulent altar of Gozag.
  9191 | D:11     | Found a runed translucent gate.
  9192 | D:11     | Noticed Setojum's ghost (journeyman MiMo)
  9356 | D:12     | Noticed a two-headed ogre
  9362 | D:12     | Killed a two-headed ogre
  9468 | D:12     | Reached skill level 10 in Fighting
  9702 | D:12     | Found Cenut's Assorted Antiques.
  9712 | D:12     | Bought a fizzy pink potion for 20 gold pieces
  9712 | D:12     | Bought a shiny scale mail for 161 gold pieces
  9712 | D:12     | Bought a wooden wand for 92 gold pieces
  9729 | D:12     | Noticed a boulder beetle
  9759 | D:12     | Killed from afar by a gargoyle

Illustrated notes

Levels and vault maps discovered:
D:1:      minmay_arrival_arboretum_small
D:2:      lemuel_round_altar, serial_undead, serial_undead_f, serial_undead_e,
          serial_undead_c, serial_undead_e, chequers_ecumenical_altar_lobes
D:3:      first_ration
D:4:      minmay_temple_entry_from_below_a, serial_shops,
          nicolae_shop_waterfront, xom_confusion_cloud, uniq_pikel
D:5:      serial_shops, shop
D:6:      uniq_menkaure
D:7:      grunt_temple_overflow_order_and_chaos_1, gammafunk_ghost_arena,
          trog_ov_bears_minmay
D:8:      tso_metal_star, amethyst_overflow_temple_binary,
          gup_ossuary_entry_pyramid, grunt_pizzeria
D:9:      layout_cave_pods, serial_shops, shop
D:10:     layout_loops_cross, david_orc_2
D:11:     layout_cave_pools, hellmonk_lair_entry_icy, ebering_ghost_gozag,
          uniq_sonja
D:12:     layout_loops_corners, serial_shops, nicolae_lakefront_shop,
          uniq_josephine
Temple:   regret_index_temple_sphere_string
Orc:1:    layout_diamond_mine

Skill      XL: |  1  2  3  4  5  6  7  8  9 10 11 |
---------------+----------------------------------+-----
Stealth        | 1 |  1.0
Dodging        | 2 4 |  4.0
Slings         | 4 6 |  0.0
Fighting       | 3 4 5 6 7 8 9 10 | 10.0
Maces & Flails | 1 2 3 4 6 7 8 |  8.6
Armour         | 2 3 4 6 7 |  7.7
Invocations    | 2 5 7 8 |  8.8
Ranged Weapons | 4 |  4.9
Evocations     | 1 3 |  3.4

Action                     |  1- 3 |  4- 6 |  7- 9 | 10-12 || total
---------------------------+-------+-------+-------+-------++-------
  Melee: Short sword       |     9 |       |       |       ||     9
         Mace              |    17 |    19 |       |       ||    36
         Flail             |       |    46 |   218 |   132 ||   396
         Kick              |       |       |    34 |    52 ||    86
         Punch             |       |       |       |     5 ||     5
   Fire: Sling             |    70 |    83 |   178 |    14 ||   345
  Throw: Boomerang         |       |       |     4 |    10 ||    14
         Stone             |       |       |       |     1 ||     1
 Invoke: Minor Destruction |       |       |       |    66 ||    66
         Lesser Servant of |       |       |       |     1 ||     1
  Evoke: Wand              |       |       |     1 |    12 ||    13
    Use: Potion            |       |     1 |       |     9 ||    10
         Scroll            |       |       |     9 |    12 ||    21
   Stab: Distracted        |       |       |     1 |       ||     1
         Invisible         |       |       |       |     3 ||     3
    Eat: Removed food      |     2 |     5 |    10 |     2 ||    19
 Armour: Ring mail         |    12 |    20 |       |       ||    32
         Chain mail        |       |     4 |    17 |       ||    21
         Plate armour      |       |       |    92 |   146 ||   238
  Dodge: Dodged            |    18 |    30 |    49 |    49 ||   146
  Block: Other             |       |    10 |    67 |    44 ||   121

Table legend: (Time is in decaauts)
 A = Elapsed time spent in this place.
 B = Non-inter-level travel time spent in this place.
 C = Inter-level travel time spent in this place.
 D = Time resting spent in this place.
 E = Time spent auto-exploring this place.
 F = Levels seen in this place.
 G = Mean time per level.
                   A        B        C        D        E       F      G
               +--------+--------+--------+--------+--------+-----+--------+
         Total |   9786 |   9432 |    354 |    744 |   5896 |  15 |  652.4 |
       Dungeon |   9324 |   8982 |    342 |    744 |   5697 |  12 |  777.0 |
        Temple |    160 |    148 |     12 |      0 |    137 |   1 |  160.0 |
  Orcish Mines |     37 |     37 |      0 |      0 |      1 |   1 |   37.0 |
       Ossuary |    263 |    263 |      0 |      0 |     61 |   1 |  263.0 |
               +--------+--------+--------+--------+--------+-----+--------+

Top non-repeatable levels by time:
    D:10: 1319 daAuts
    D:11: 766 daAuts
    D:12: 481 daAuts
     D:9: 241 daAuts
   Orc:1: 37 daAuts
     D:8: 7 daAuts
Note: time per level data comes from an upgraded game and may be incomplete.
